 Dungeon Crawl Stone Soup version 0.28-a0-750-g7c675f85b1 (webtiles) character file.

Game seed: 9912408723459605933

489 Borgoz the Skirmisher (level 7, -9/44 HPs)
             Began as a Gargoyle Berserker on Oct 30, 2021.
             Was a Believer of Trog.
             Mangled by an ogre (16 damage)
             ... on level 4 of the Dungeon.
             The game lasted 00:03:22 (3108 turns).

Borgoz the Skirmisher (Gargoyle Berserker)          Turns: 3108, Time: 00:03:22

Health: -9/44      AC: 12    Str: 20    XL:     7   Next: 14%
Magic:  7/7        EV: 10    Int:  8    God:    Trog [**....]
Gold:   120        SH:  0    Dex: 11    Spells: 6/6 levels left

rFire   . . .      SeeInvis +   b - +1 dagger (elec)
rCold   . . .      Faith    .   (no shield)
rNeg    + . .      Spirit   .   o - +0 scale mail
rPois   ∞          Reflect  .   (no helmet)
rElec   +          Harm     .   (no cloak)
rCorr   .          Rampage  .   (no gloves)
Will    .....                   (no boots)
Stlth   ..........              (no amulet)
HPRegen 0.14/turn               n - ring of see invisible
MPRegen 0.10/turn               (no ring)

@: silenced
A: sickness immunity, AC +4, negative energy resistance 1, electricity
resistance, torment resistance 1, petrification resistance
a: Renounce Religion


You were on level 4 of the Dungeon.
You worshipped Trog.
Trog was pleased with you.
You visited 1 branch of the dungeon, and saw 4 of its levels.

You collected 120 gold pieces.

Inventory:

Hand Weapons
 a - a +0 falchion
 b - a +1 dagger of electrocution (weapon)
Armour
 o - a +0 scale mail (worn)
Jewellery
 n - a ring of see invisible (left hand)
 r - an amulet of magic regeneration
Scrolls
 e - 2 scrolls of teleportation
 h - 3 scrolls of enchant weapon {unknown}
 j - a scroll of immolation {unknown}
Potions
 d - a potion of curing
 f - a potion of magic {unknown}
 i - a potion of flight {unknown}
 k - a potion of attraction
 l - a potion of mutation {unknown}
 p - a potion of heal wounds {unknown}


   Skills:
 + Level 5.1 Fighting
 + Level 4.2 Long Blades
 + Level 4.5 Armour
 + Level 3.3 Dodging


You had 6 spell levels left.
You didn't know any spells.
Your spell library was empty.

Dungeon Overview and Level Annotations

Branches:
Dungeon (4/15)
 Temple: D:4-7

Altars:
Dithmenos


Innate Abilities, Weirdness & Mutations

You are immune to sickness and miasma.
Your stone body is resilient. (AC +4)
You are immune to poison.
You resist negative energy. (rN+)
You are resistant to electric shocks. (rElec)
You are resistant to unholy torment.
You are immune to petrification.


Message History

An ogre is nearby!
You hit the ogre.
The ogre is lightly wounded.
The ogre barely misses you.
You barely miss the ogre.
The ogre is lightly wounded.
You hit the ogre.
The ogre is lightly wounded.
The ogre hits you with a +0 giant spiked club!
You hit the ogre.
The ogre is moderately wounded.
The ogre barely misses you.
You hit the ogre.
The ogre is heavily wounded.
The giant cockroach bites you but does no damage.
The giant cockroach barely misses you.
Okay, then.
A hound and an orc come into view.
The hound bites you.
You closely miss the ogre.
The ogre is heavily wounded.
The hound barely misses you. The ogre barely misses you.
An orc comes into view. It is wielding a +0 hand axe.
You hit the ogre.
The ogre is heavily wounded.
The hound bites you but does no damage. The ogre barely misses you.
Okay, then.
You hit the ogre but do no damage.
The ogre is heavily wounded.
The hound barely misses you. The hound bites you but does no damage.
You hit the ogre.
The ogre is severely wounded.
The hound bites you but does no damage.
The ogre hits you with a +0 giant spiked club!!
* * * LOW HITPOINT WARNING * * *
You barely miss the ogre.
The ogre is severely wounded.
The hound barely misses you.
The ogre hits you with a +0 giant spiked club!
You die...

**,,,,,,,**,,,,,**,,* *,,,,,,,,,,
,,,,,,,,,,**,,,****,* *,,****,*,,
**,,,,,,,,,,,,** *,# *,,* *,**#
***,,,,,,,,,,* *.# *,,* *,**#
*,,,,,,,,,** *#.*##..###*.,,.
**,,,,,,,,*####.,,,.....,,.###
*****,,,,,,,,,,.oo,*,,.....,,.<##
,,,,,,,,,,,,,**#h#,,,*#.#.#**#.##
******,,,,,,,* #@#****#.#.# #.##
* ****,**** #O# #.#.## #.## * *,*
#B# #....###[## * **,** #§#
#.......... *
**,..#####B#######...###.## *
*,,#.B..§§§.§.......## #.# *
*,,.$#####§.######### #.# *
*,,,,,,**##§# #.# * ***,,,,,,,..#
*##.##


You could see an ogre, a hound, 2 orcs and a giant cockroach.

Vanquished Creatures
  Grinder (D:3)
  A scorpion (D:4)
  A hound (D:3)
  Natasha (twice) (D:3)
  Terence (D:3)
  An orc wizard (D:3)
  5 adders
  A dart slug (D:2)
  3 orcs
  4 ball pythons
  9 bats
  3 endoplasms (D:1)
  2 giant cockroaches
  5 goblins
  4 hobgoblins
  2 quokkas
  8 kobolds
  7 rats
60 creatures vanquished.

Vanquished Creatures (others)
  A plant (D:2)
1 creature vanquished.

Grand Total: 61 creatures vanquished

Notes
Turn   | Place    | Note
-------+----------+-------------------------------------------
     0 | D:1      | Borgoz the Gargoyle Berserker began the quest for the Orb.
     0 | D:1      | Reached XP level 1. HP: 14/14 MP: 1/1
   116 | D:1      | Reached XP level 2. HP: 19/19 MP: 2/2
  1077 | D:2      | Reached XP level 3. HP: 10/24 MP: 3/3
  1412 | D:2      | Reached ** piety under Trog
  1696 | D:2      | Reached XP level 4. HP: 25/29 MP: 4/4
  2186 | D:3      | Noticed Natasha
  2195 | D:3      | Killed Natasha
  2196 | D:3      | Reached skill level 4 in Fighting
  2245 | D:3      | Found a shadowy altar of Dithmenos.
  2254 | D:3      | Noticed Terence
  2277 | D:3      | Killed Terence
  2278 | D:3      | Reached XP level 5. HP: 33/33 MP: 5/5
  2494 | D:3      | Noticed Natasha
  2509 | D:3      | Killed Natasha
  2568 | D:3      | Noticed Grinder
  2569 | D:3      | Paralysed by Grinder for 2 turns
  2584 | D:3      | Killed Grinder
  2585 | D:3      | Reached XP level 6. HP: 35/40 MP: 6/6
  2643 | D:3      | Reached skill level 5 in Fighting
  2982 | D:4      | Reached XP level 7. HP: 31/44 MP: 7/7
  3108 | D:4      | Mangled by an ogre

Illustrated notes

Levels and vault maps discovered:
D:1:      dpeg_arrival_tiny_f, layout_loops_ring
D:2:      minmay_diamond_boxcup, layout_rooms, serial_bayou,
          serial_bayou_pond_b, serial_bayou_pond_a, serial_bayou_crossing,
          serial_bayou_lagoon_a
D:3:      layout_loops_cross, lemuel_doored_altar, uniq_terence, uniq_grinder,
          uniq_natasha
D:4:      layout_loops_ring, trog_butcher_becter, minmay_misc_feat_rugged,
          grunt_ministairs_5, uniq_crazy_yiuf_cottage

Skill      XL: |  1  2  3  4  5  6 |
---------------+-------------------+-----
Long Blades    | 3 4 |  4.2
Dodging        | 2 3 |  3.3
Armour         | 3 4 |  4.5
Fighting       | 4 5 |  5.1

Action                   |  1- 3 |  4- 6 |  7- 9 || total
-------------------------+-------+-------+-------++-------
Melee: Falchion          |    32 |       |       ||    32
       Dagger            |    66 |   121 |    12 ||   199
Invok: Berserk           |     1 |     3 |     1 ||     5
       Trog's Hand       |       |     2 |       ||     2
  Use: Scroll            |       |     3 |     4 ||     7
 Stab: Sleeping          |     1 |     1 |       ||     2
Armor: Animal skin       |    28 |    13 |       ||    41
       Scale mail        |       |    35 |     4 ||    39
Dodge: Dodged            |    63 |    63 |    10 ||   136

Table legend: (Time is in decaauts)
 A = Elapsed time spent in this place.
 B = Non-inter-level travel time spent in this place.
 C = Inter-level travel time spent in this place.
 D = Time resting spent in this place.
 E = Time spent auto-exploring this place.
 F = Levels seen in this place.
 G = Mean time per level.
                   A        B        C        D        E       F      G
               +--------+--------+--------+--------+--------+-----+--------+
         Total |   3141 |   3018 |    123 |    272 |   2265 |   4 |  785.2 |
       Dungeon |   3141 |   3018 |    123 |    272 |   2265 |   4 |  785.2 |
               +--------+--------+--------+--------+--------+-----+--------+

Top non-repeatable levels by time:
     D:2: 1126 daAuts
     D:1: 1060 daAuts
     D:3: 792 daAuts
     D:4: 161 daAuts
